 Dungeon Crawl Stone Soup version 0.31-a0-117-g42d8f58691 (webtiles) character file.

Game seed: 9798790174000414789

68 holysushi the Slasher (level 4, -4/38 HPs)
             Began as a Meteoran Monk on May 31, 2023.
             Was a Believer of Okawaru.
             Slain by a gnoll
             ... wielding a +0 spear
              (7 damage)
             ... on level 2 of the Dungeon.
             The game lasted 00:02:50 (625 turns).

holysushi the Slasher (Meteoran Monk)                Turns: 625, Time: 00:02:50

Health: -4/38      AC:  2    Str: 13    XL:     4   Next: 68%
Magic:  4/6        EV: 13    Int: 11    God:    Okawaru [**....]
Gold:   111        SH:  0    Dex: 18    Spells: 3/3 levels left

rFire   . . .        a - +1 falchion
rCold   . . .        d - orb {light}
rNeg    . . .        b - +0 robe
rPois   .            (no helmet)
rElec   .            (no cloak)
rCorr   .            (no gloves)
SInv    .            (no boots)
Will    .....        e - amulet of faith
Stlth   +            (no ring)
HPRegen 0.26/turn    (no ring)
MPRegen 0.10/turn

%: faith
@: glowing
A: sense surroundings 1, otherworldly, glowing, explore regen
a: Renounce Religion, Heroism


You were on level 2 of the Dungeon.
You worshipped Okawaru.
Okawaru was pleased with you.
You visited 1 branch of the dungeon, and saw 4 of its levels.

You collected 111 gold pieces.

Inventory:

Hand Weapons
 a - a +1 falchion (weapon)
Armour
 b - a +0 robe (worn)
 d - an orb of light (worn)
Jewellery
 e - an amulet of faith (around neck)
Scrolls
 h - a scroll of amnesia
 l - a scroll of vulnerability {unknown}
 m - a scroll of magic mapping {unknown}
Potions
 c - a potion of ambrosia
 f - a potion of curing {unknown}
 g - a potion of heal wounds
 i - a potion of brilliance {unknown}
 j - a potion of invisibility {unknown}
 k - 2 potions of degeneration {unknown}


   Skills:
 - Level 3.2 Fighting
 + Level 5.7 Long Blades
 - Level 3.6 Dodging
 + Level 1.4 Invocations


You had 3 spell levels left.
You didn't know any spells.
Your spell library was empty.

Dungeon Overview and Level Annotations

Branches:
Dungeon (4/15) Zot: 1770
 Temple: D:4-7

Altars:
Okawaru
Xom


Innate Abilities, Weirdness & Mutations

You passively map a small area around you.
You are easily found by Zot.
You glow in the dark.
You regain HP and MP as you explore.


Message History

The gnoll is heavily wounded.
The gnoll hits you with a +0 whip!
You hit the gnoll.
You kill the gnoll!
Okawaru accepts your kill.
Your Invocations skill increases to level 1!
You barely miss the ball python. The ball python closely misses you.
The ball python barely misses you.
You hit the ball python.
The ball python is moderately wounded.
The ball python barely misses you. The ball python grabs you.
The ball python constricts you.
A worm comes into view.
You slash the ball python!
You kill the ball python!
Okawaru accepts your kill.
You hit the gnoll.
The gnoll is heavily wounded.
You slash the gnoll!
You kill the gnoll!
Okawaru accepts your kill. The gnoll barely misses you.
The gnoll barely misses you. x2
Items here: ! )) ††.
You hit the gnoll but do no damage. The gnoll closely misses you.
The gnoll barely misses you.
You hit the gnoll.
The gnoll is heavily wounded.
You feel like a meek peon again. The gnoll barely misses you.
The gnoll hits you from afar with a +0 spear.
You hit the gnoll.
The gnoll is severely wounded.
The gnoll misses you. The gnoll hits you with a +0 halberd.
You barely miss the gnoll.
The gnoll is severely wounded.
The gnoll hits you with a +0 halberd!
* * * LOW HITPOINT WARNING * * *
The gnoll hits you from afar with a +0 spear!
You die...

, * ##.###...##.#. , #..
#..# #...##.#. , , #..**
#..###...##.#. #..
#............. .# ,. .,
,#.. * * #...........#. .#
.. ... #.. *,
###........##### .#...
....#..* #...............
...
.......######.........###.#
. ,
.......wgg@..[..##....... ,
*
###.#..######..........##,
, ** ..... * #..###......#
, ....... , ....# #..#.#.#
*, ##..#.. ,.....#*#..#.#..
, *#..#.. * .##... ... $ ,
, #. #.. #. #..## , * * .
... #, #..# * * , #..# ,


You could see a worm and 2 gnolls.

Vanquished Creatures
  2 gnolls (D:2)
  An adder (D:2)
  A worm (D:3)
  3 endoplasms (D:2)
  5 giant cockroaches
  A goblin (D:1)
  5 hobgoblins
  A quokka (D:1)
  4 ball pythons
  3 bats
  A frilled lizard (D:1)
  3 kobolds
  6 rats
36 creatures vanquished.

Notes
Turn   | Place    | Note
-------+----------+-------------------------------------------
     0 | D:1      | holysushi the Meteoran Monk began the quest for the Orb.
     0 | D:1      | Reached XP level 1. HP: 19/19 MP: 2/2
    21 | D:1      | Reached skill level 4 in Long Blades
    25 | D:1      | Reached XP level 2. HP: 2/26 MP: 3/3
   181 | D:1      | Reached XP level 3. HP: 24/31 MP: 4/4
   348 | D:2      | Reached skill level 5 in Long Blades
   492 | D:3      | Found a shimmering altar of Xom.
   505 | D:3      | Found an iron altar of Okawaru.
   533 | D:3      | Became a worshipper of Warmaster Okawaru
   533 | D:3      | Reached * piety under Okawaru
   533 | D:3      | Reached ** piety under Okawaru
   551 | D:2      | Reached XP level 4. HP: 25/38 MP: 5/5
   616 | D:2      | Reached skill level 1 in Invocations
   625 | D:2      | Slain by a gnoll

Illustrated notes

Levels and vault maps discovered:
D:1:      heliophobic_arrival_enchanted_forest, layout_loops_ring,
          hangedman_decor_peaks_small, kennysheep_minor_cross
D:2:      layout_basic
D:3:      layout_loops_corners, mainiacjoe_overflow_catch_the_wave,
          gup_sewer_entry_glass, ebering_ecumenical_altar_box, uniq_natasha
D:4:      layout_loops_ring, minmay_misc_feat_chi, corexii_leaking_fountain

Skill      XL: |  1  2  3  4 |
---------------+-------------+-----
Long Blades    | 4 5 |  5.7
Invocations    | 1 |  1.4
Fighting       | |  3.2
Dodging        | |  3.6

Action                     |  1- 3 |  4- 6 || total
---------------------------+-------+-------++-------
  Melee: Falchion          |    67 |    19 ||    86
 Invoke: Heroism           |       |     1 ||     1
    Use: Scroll            |     3 |       ||     3
 Armour: Robe              |    21 |       ||    21
  Dodge: Dodged            |    48 |    17 ||    65

Table legend: (Time is in decaauts)
 A = Elapsed time spent in this place.
 B = Non-inter-level travel time spent in this place.
 C = Inter-level travel time spent in this place.
 D = Time resting spent in this place.
 E = Time spent auto-exploring this place.
 F = Levels seen in this place.
 G = Mean time per level.
                   A        B        C        D        E       F      G
               +--------+--------+--------+--------+--------+-----+--------+
         Total |    628 |    628 |      0 |      0 |      0 |   4 |  157.0 |
       Dungeon |    628 |    628 |      0 |      0 |      0 |   4 |  157.0 |
               +--------+--------+--------+--------+--------+-----+--------+

Top non-repeatable levels by time:
     D:1: 265 daAuts
     D:2: 261 daAuts
     D:3: 99 daAuts
     D:4: 1 daAuts
